 Dungeon Crawl Stone Soup version 0.17.1-3-g152610e (webtiles) character file.

200 tomboy the Skirmisher (level 5, -8/47 HPs)
             Began as a Draconian Monk on Apr 24, 2016.
             Killed by divine providence
             ... invoked by an orc priest
              (11 damage)
             ... on level 3 of the Dungeon.
             The game lasted 00:08:28 (2541 turns).

tomboy the Skirmisher (Draconian Monk)              Turns: 2541, Time: 00:08:28

Health: -8/47      AC:  6    Str: 13    XL:     5   Next: 49%
Magic:  5/5        EV:  9    Int: 15    God:
Gold:   92         SH: 12    Dex: 15    Spells: 0 memorised, 4 levels left

rFire  . . .     SeeInvis .       - Unarmed
rCold  . . .     Clarity  .     (armour unavailable)
rNeg   . . .     SustAt   .     k - +0 large shield
rPois  .         Gourm    .     (helmet restricted)
rElec  .         Spirit   .     (no cloak)
rCorr  .         Warding  .     h - +0 pair of gloves
rMut   .         Stasis   .     (no boots)
MR     .....                    (no amulet)
Stlth  ++........               (no ring)
                                e - +5 ring of intelligence

@: not resistant to hostile enchantments, unstealthy
A: unfitting armour, cold-blooded, AC +5
a: no special abilities


You were on level 3 of the Dungeon.
You were not hungry.

You visited 1 branch of the dungeon, and saw 3 of its levels.

You collected 92 gold pieces.

Inventory:

Armour
 b - a +1 shield
 h - a +0 pair of gloves (worn)
 k - a +0 large shield (worn)
Jewellery
 e - a +5 ring of intelligence (left hand)
Scrolls
 f - 2 scrolls of teleportation
 l - a scroll of remove curse
Potions
 g - a potion of cure mutation
Comestibles
 a - 4 bread rations
 c - a meat ration


   Skills:
 * Level 4.5 Fighting
 * Level 3.9 Dodging
 + Level 2.7 Stealth
 * Level 2.3 Shields
 - Level 4.0 Unarmed Combat


You had 4 spell levels left.
You didn't know any spells.

Dungeon Overview and Level Annotations

Branches:
Dungeon (3/15)

Altars:
Makhleb


Innate Abilities, Weirdness & Mutations

Your plain brown scales are hard (AC +5).
Your body does not fit into most forms of armour.
You are cold-blooded and may be slowed by cold attacks.


Message History

The orc barely misses you.
The orc priest calls down the wrath of Beogh upon you.
Something smites you!
* * * LOW HITPOINT WARNING * * *
The orc priest looks braver for a moment.
The orc closely misses you. The orc hits you with a flail.
* * * LOW HITPOINT WARNING * * *
The orc priest casts a cantrip, but nothing happens.
The orc barely misses you. The orc barely misses you.
The orc priest calls down the wrath of Beogh upon you.
Something smites you!
* * * LOW HITPOINT WARNING * * *
The orc hits you but does no damage.
A rat comes into view.
You block the orc's attack.
The orc priest mumbles some strange prayers to Beogh against you.
Something smites you!
You die...

......##.....# .#
......##.....### .#.# ..
......##.......##.#.# ...
......##..........#.##...%
.......#.....#.... ..#....
.......###.###..# .......
............#...###....##
....<.##.#....oo.....r..#
......##......##@)<.....##
.....####[...###.........#
#..### #..#..##..)....#..
#...# #......#.#..).##
#...#####.###.........#
##..$.....# ##)....#..# .
##.....#### #......#..#...
....#.## ####.%...)......#
..%...## #....#.#†........


You could see an orc priest, an orc and a rat.

Vanquished Creatures
  A hound (D:2)
  An orc wizard (D:3)
  Jessica (D:2)
  3 adders
  3 worms (D:2)
  3 giant geckos
  7 orcs
  8 bats
  7 giant cockroaches
  8 hobgoblins
  2 jackals (D:2)
  10 kobolds
  A quokka (D:1)
  2 ball pythons
  A giant newt (D:1)
  7 goblins
  11 rats
76 creatures vanquished.

Notes
Turn   | Place    | Note
--------------------------------------------------------------
     0 | D:1      | tomboy the Draconian Monk began the quest for the Orb.
     0 | D:1      | Reached XP level 1. HP: 19/19 MP: 1/1
   130 | D:1      | Reached XP level 2. HP: 21/26 MP: 2/2
   506 | D:1      | Reached XP level 3. HP: 33/33 MP: 3/3
   811 | D:2      | Reached skill level 1 in Shields
  1548 | D:2      | Noticed Jessica
  1564 | D:2      | Killed Jessica
  1564 | D:2      | Reached XP level 4. HP: 27/40 MP: 4/4
  1610 | D:2      | Found a burning altar of Makhleb.
  2008 | D:2      | Reached XP level 5. HP: 44/46 MP: 5/5
  2536 | D:3      | HP: 2/47 [orc priest/divine providence (10)]
  2541 | D:3      | Killed from afar by an orc priest

Action                   |  1- 3 |  4- 6 || total
-------------------------+-------+-------++-------
Melee: Unarmed           |   181 |   134 ||   315
  Use: Scroll            |     3 |     5 ||     8
       Potion            |     1 |       ||     1
 Stab: Sleeping          |     7 |     1 ||     8
       Distracted        |       |     2 ||     2
  Eat: Chunk             |     2 |     2 ||     4
       Fruit             |       |     4 ||     4
